 Dungeon Crawl Stone Soup version 0.29.1-4-g47bece8355 (webtiles) character file.

Game seed: 18042228035511285248

45454 CungeonDrawl the Warrior (level 14, 0/119 HPs)
             Began as a Djinni Fire Elementalist on Dec 6, 2022.
             Was an Elder of Makhleb.
             Collided with a rock wall (11 damage)
             ... caused by a rakshasa
             ... on level 14 of the Dungeon.
             The game lasted 03:14:15 (33760 turns).

CungeonDrawl the Warrior (DjFE)                    Turns: 33760, Time: 03:14:15

Health: 0/119      AC: 12    Str:  7    XL:     14   Next: 71%
Gold:   1434       EV: 18    Int: 25    God:    Makhleb [****..] SH:  8 Dex: 22

rFire   + + .      SeeInvis +   f - staff of cold
rCold   + . .      Faith    .   D - +2 buckler
rNeg    . . .      Spirit   .   M - +2 troll leather armour
rPois   ∞          Reflect  .   o - +1 helmet of Hadjma {rC+ Int+5}
rElec   .          Harm     .   W - +2 cloak {Stlth+}
rCorr   +          Rampage  .   a - +0 pair of gloves of the Camelopard {+Inv Will- rCorr}
Will    .....                   (boots unavailable)
Stlth   +++.......              (no amulet)
HPRegen 1.09/turn               q - +6 ring of dexterity
MPRegen 0.00/turn               g - ring of see invisible

@: flying
A: sickness immunity, fire resistance 2, cold vulnerability 1, float, innate
caster, HP casting, extra vitality 1
a: Renounce Religion, Evoke Invisibility, Minor Destruction, Lesser Servant of
Makhleb, Major Destruction


You were on level 14 of the Dungeon.
You worshipped Makhleb.
Makhleb was greatly pleased with you.
You visited 3 branches of the dungeon, and saw 20 of its levels.

You collected 1570 gold pieces.
You spent 136 gold pieces at shops.

Inventory:

Missiles
 i - a throwing net
 J - 3 curare-tipped darts
 V - 5 atropa-tipped darts
Armour
 a - the +0 pair of gloves of the Camelopard (worn) {+Inv Will- rCorr}
   (You acquired it on level 5 of the Dungeon)

   +Inv:      It lets you turn invisible.
   rCorr:     It protects you from acid and corrosion.
   Will:      It decreases your willpower.
 o - the +1 helmet of Hadjma (worn) {rC+ Int+5}
   (You acquired it on level 5 of the Dungeon)

   Int:       It affects your intelligence (+5).
   rC:        It protects you from cold.
 z - the +2 robe of the Rescuing Gods {rElec rF+ Will+ Dex+3}
   (You found it on level 4 of the Dungeon)

   Dex:       It affects your dexterity (+3).
   rF:        It protects you from fire.
   rElec:     It insulates you from electricity.
   Will:      It increases your willpower.
 D - a +2 buckler (worn)
 M - a +2 troll leather armour (worn)
 W - a +2 cloak of stealth (worn)
Magical Staves
 f - a staff of cold (weapon)
 t - a staff of poison
 I - a staff of death
Jewellery
 b - a ring of resist corrosion
 g - a ring of see invisible (right hand)
 q - a +6 ring of dexterity (left hand)
 L - a ring of positive energy
Wands
 v - a wand of flame (24)
 x - a wand of mindburst (18)
 y - a wand of iceblast (15)
 B - a wand of digging (2)
 O - a wand of paralysis (20)
 P - a wand of quicksilver (2)
Scrolls
 d - 2 scrolls of enchant weapon
 h - 4 scrolls of teleportation
 j - a scroll of noise
 l - 2 scrolls of identify
 m - 2 scrolls of poison
 p - 2 scrolls of butterflies
 s - 3 scrolls of magic mapping
 u - a scroll of torment
 E - 2 scrolls of silence
 N - 2 scrolls of fear {unknown}
 R - a scroll of immolation
 U - a scroll of summoning
 Y - 3 scrolls of vulnerability
 Z - 2 scrolls of blinking {unknown}
Potions
 k - 2 potions of heal wounds
 n - a potion of haste
 w - a potion of brilliance
 C - 2 potions of mutation
 G - 4 potions of ambrosia
 H - 4 potions of attraction
 Q - 2 potions of cancellation
 S - 5 potions of lignification
 T - a potion of resistance
Miscellaneous
 e - a lightning rod (4/4)


   Skills:
 - Level 17.0 Fighting
 - Level 10.1 Dodging
 - Level 1.6 Stealth
 - Level 4.0 Shields
 * Level 8.2 Spellcasting
 - Level 11.0 Evocations


You couldn't memorise any spells.
You knew the following spells:

 Your Spells              Type           Power      Damage    Failure   Level
a - Foxfire               Conj/Fire      100%       2x1d9     1%          1
b - Scorch                Fire           100%       2d10      1%          2
c - Conjure Flame         Conj/Fire      50%        6-21      1%          3
d - Inner Flame           Hex/Fire       50%        N/A       1%          3
e - Flame Wave            Conj/Fire      50%        2d12      4%          4
f - Apportation           Tloc           100%       N/A       1%          1
g - Searing Ray           Conj           100%       2d8       1%          2
h - Static Discharge      Conj/Air       50%        3-10/arc  1%          2
i - Call Canine Familiar  Summ           50%        N/A       1%          3
j - Petrify               Tmut/Erth      50%        N/A       4%          4
k - Yara's Violent Unrav  Hex/Tmut       25%        3d11      11%         5
Your spell library was empty.

Dungeon Overview and Level Annotations

Branches:
Dungeon (14/15) Temple (1/1) D:6 Lair (5/5) D:9 Swamp (0/4) Lair:3 Snake (0/4) Lair:3 Slime (0/5) Lair:4 Orc (0/2) D:9 Vaults (0/5) D:13 D:14

Altars:
Ashenzari
Cheibriados
Dithmenos
Elyvilon
Fedhas
Gozag
Hepliaklqana
Makhleb
Nemelex Xobeh
Okawaru
Qazlal
Ru
Trog
Uskayaw
Wu Jian
Xom
Yredelemnul
Zin
The Shining One
Jiyva

Shops:
D:7 [**(

Annotations:
D:11 2 exclusions
D:13 exclusion: obsidian statue


Innate Abilities, Weirdness & Mutations

You are immune to sickness and miasma.
You are immune to poison.
Your flesh is very heat resistant. (rF++)
You are vulnerable to cold. (rC-)
You float through the air rather than walking.
You learn spells naturally, not from books.
Your magical power is your life essence.
You have superior vitality. (+4 MHP)


Message History

The human is almost dead.
The human's fire resistance burns away.
The human hits you.
Casting: Scorch (safe; 1% risk of failure)
Confirm with . or Enter, or press ? or * to list all spells.
Flames lash the human.
The human is burned terribly!
You kill the human!
The human's corpse shimmers and vanishes!
* * * LOW HITPOINT WARNING * * *
The human barely misses you.
The rakshasa weaves an illusion.
The human shimmers and seems to become two!
Casting: Scorch (safe; 1% risk of failure)
Confirm with . or Enter, or press ? or * to list all spells.
Flames lash the human.
The human is burned terribly!
The human is severely wounded.
* * * LOW HITPOINT WARNING * * *
The human hits you.
* * * LOW HITPOINT WARNING * * *
The human is no longer more vulnerable to fire.
The human barely misses you.
Press: ? - help, . - travel You can't see that place. [the floor.] Unknown command.
Your wolf closely misses the human.
The human hits your wolf.
Casting: Scorch (safe; 1% risk of failure)
Confirm with . or Enter, or press ? or * to list all spells.
Flames lash the human.
You kill the human!
The human's corpse shimmers and vanishes!
* * * LOW HITPOINT WARNING * * *
Your wolf closely misses the human.
Your wolf barely misses the human.
The human hits your wolf.
Your wolf bites the human.
The rakshasa gestures at you. The lance of force hits you!!
* * * LOW HITPOINT WARNING * * *
You are knocked back by the lance of force.
You slam into the rock wall!
You die...

#§§.....
#....
###§#.#.#...
#....
#§§.<....#
#....
....§#.#.#R##
#.... ..#
#p.p..§.#
#....
#.#p#.#.#
#....
#.#h##R.#
#.... .
#..§☼## #....
# #@####
#....
.......○#
#####
#########


You could see a rakshasa, 3 humans and a friendly wolf (summoned).

Vanquished Creatures
  Snorg (D:13)
  3 hydras
  2 boulder beetles
  A catoblepas (Lair:5)
  2 two-headed ogres
  A centaur warrior (D:13)
  Urug (Lair:3)
  Sonja (Lair:3)
  Amaemon (D:9)
  Pikel (D:8)
  3 ugly things (D:13)
  A deep elf pyromancer (D:13)
  An orc knight (D:13)
  2 oklob plants (Lair:3)
  3 cyclopes (D:12)
  2 manticores
  Joseph (D:7)
  2 black mambas
  11 cane toads
  Maggie (Lair:2)
  A rime drake (Lair:4)
  3 kobold demonologists (D:10)
  A komodo dragon (shapeshifter) (D:14)
  11 komodo dragons
  A yaktaur (D:11)
  A yaktaur (shapeshifter) (D:11)
  6 polar bears
  5 trolls
  Grinder (D:3)
  7 blink frogs
  Prince Ribbit (D:8)
  2 hornets
  4 slime creatures (D:10)
  Sigmund (D:3)
  2 water elementals (D:12)
  A shadow (D:10)
  2 wraiths
  24 yaks
  A wyvern (Lair:5)
  12 humans (D:13)
  3 basilisks
  A steam dragon (D:8)
  6 vampire mosquitoes
  4 nagas (Lair:3)
  2 acid dragons
  11 water moccasins
  2 orc warriors
  An ice beast (D:6)
  16 wolves
  3 boggarts (Lair:4)
  2 ogres
  12 centaurs
  2 phantoms (D:6)
  A lemure (D:8)
  3 kobold brigands
  2 necrophages (D:8)
  6 scorpions
  8 bullfrogs
  A gnoll sergeant (D:12)
  11 killer bees
  5 howler monkeys
  4 electric eels
  A lava snake (D:8)
  6 hounds
  Crazy Yiuf (D:6)
  6 orc priests
  A jelly (D:4)
  3 iguanas
  Jessica (D:2)
  Terence (D:3)
  10 orc wizards
  3 hell rats
  3 gnolls (D:12)
  7 adders
  2 shadow imps (D:6)
  2 white imps (D:6)
  An ufetubus (D:6)
  4 worms
  A dart slug (D:3)
  38 orcs
  2 endoplasms (D:2)
  3 giant cockroaches
  5 hobgoblins
  9 jackals
  20 kobolds
  4 quokkas
  5 ball pythons
  3 bats
  4 frilled lizards
  10 goblins
  6 rats
396 creatures vanquished.

Vanquished Creatures (collateral kills)
  A two-headed ogre (D:11)
  A cyclops (D:13)
  An orange demon (D:9)
  2 komodo dragons
  A vampire (D:11)
  2 yaks (D:11)
  A wyvern (Lair:3)
  A human (D:13)
  A water moccasin (Lair:5)
  An acid dragon (D:11)
  A boggart (Lair:4)
  2 wolves (Lair:4)
  A kobold brigand (D:9)
  A bullfrog (Lair:1)
  A howler monkey (D:11)
  2 hell rats (Lair:5)
  An orc (D:11)
  5 kobolds
  20 foxfires
46 creatures vanquished.

Vanquished Creatures (others)
  1883 foxfires
  34 fungi
  49 plants
1966 creatures vanquished.

Grand Total: 2408 creatures vanquished

Notes
Turn   | Place    | Note
-------+----------+-------------------------------------------
     0 | D:1      | CungeonDrawl the Djinni Fire Elementalist began the quest
                  | for the Orb.
     0 | D:1      | CungeonDrawl set off with the following spells memorised:
                  | Foxfire, Scorch, Conjure Flame, Inner Flame, Flame Wave.
     0 | D:1      | Reached XP level 1. HP: 15/15 MP: 0/0
   287 | D:1      | Found a faded altar of an unknown god.
   503 | D:1      | Reached XP level 2. HP: 19/21 MP: 0/0
  1069 | D:1      | Reached XP level 3. HP: 21/25 MP: 0/0
  1069 | D:1      | Learned a level 1 spell: Apportation
  1575 | D:2      | Noticed Jessica
  1578 | D:2      | Killed Jessica
  1579 | D:2      | Reached XP level 4. HP: 28/31 MP: 0/0
  2521 | D:3      | Noticed Terence
  2526 | D:3      | Killed Terence
  2527 | D:3      | Reached XP level 5. HP: 28/35 MP: 0/0
  2527 | D:3      | Learned a level 2 spell: Searing Ray
  2896 | D:3      | You are sucked into a shaft and drop 1 floor!
  3084 | D:4      | Reached XP level 6. HP: 33/40 MP: 0/0
  3202 | D:4      | Reached skill level 5 in Spellcasting
  3271 | D:4      | Identified the +2 leather armour of the Great Game {-Cast
                  | rC+ Will+}
  3370 | D:3      | Found a broken altar of Ashenzari.
  3383 | D:3      | Noticed Sigmund
  3438 | D:3      | Killed Sigmund
  3439 | D:3      | Reached XP level 7. HP: 37/45 MP: 0/0
  3439 | D:3      | Learned a level 2 spell: Static Discharge
  3712 | D:3      | Noticed Grinder
  3923 | D:3      | Killed Grinder
  3924 | D:3      | Reached skill level 3 in Fighting
  4087 | D:4      | Identified the +2 robe of the Rescuing Gods {rElec rF+
                  | Will+ Dex+3}
  4183 | D:4      | Reached XP level 8. HP: 44/58 MP: 0/0
  4260 | D:4      | Found a shimmering altar of Xom.
  4463 | D:5      | Entered Level 5 of the Dungeon
  4580 | D:5      | Identified 2 scrolls of acquirement
  4580 | D:5      | Acquired the +0 pair of gloves of the Camelopard {+Inv
                  | Will- rCorr}
  4587 | D:5      | Acquired the +1 helmet of Hadjma {rC+ Int+5}
  4700 | D:5      | Reached skill level 4 in Fighting
  4962 | D:5      | Reached skill level 5 in Fighting
  5504 | D:6      | Found a runed translucent door.
  5505 | D:6      | Noticed Crazy Yiuf
  5591 | D:6      | Killed Crazy Yiuf
  5648 | D:6      | Reached skill level 1 in Shields
  5657 | D:6      | Reached skill level 6 in Fighting
  5912 | D:6      | Found a staircase to the Ecumenical Temple.
  5935 | Temple   | Entered the Ecumenical Temple
  6106 | D:6      | Reached XP level 9. HP: 60/67 MP: 0/0
  6106 | D:6      | Learned a level 3 spell: Call Canine Familiar
  6239 | D:6      | Reached skill level 7 in Fighting
  6693 | D:6      | Found a snail-covered altar of Cheibriados.
  6725 | D:6      | Found a hide-covered altar of Uskayaw.
  7021 | D:7      | Found a sparkling altar of Nemelex Xobeh.
  7146 | D:7      | Reached skill level 8 in Fighting
  7378 | D:7      | Found Ciunn's Assorted Antiques.
  7419 | D:7      | Found Uxuuriydo's Armour Emporium.
  7456 | D:7      | Noticed Joseph
  7537 | D:7      | Reached skill level 9 in Fighting
  7604 | D:7      | Found Huxaw's Assorted Antiques.
  7612 | D:7      | Bought a viscous green potion for 31 gold pieces
  7734 | D:7      | Killed Joseph
  8059 | D:7      | Reached XP level 10. HP: 69/80 MP: 0/0
  8061 | D:7      | Reached skill level 10 in Fighting
  8181 | D:7      | Found Sutuir's Weapon Shoppe.
  8412 | D:7      | Bought a scroll labelled IHUIRI MURIVAHO for 35 gold pieces
  8412 | D:7      | Bought a scroll of identify for 70 gold pieces
  8727 | D:8      | Found a burning altar of Makhleb.
  8730 | D:8      | Found a glowing silver altar of Zin.
  8730 | D:8      | Noticed an angel
  8731 | D:8      | Noticed a blizzard demon
  8733 | D:8      | Became a worshipper of Makhleb the Destroyer
  8747 | D:8      | Found a blossoming altar of Fedhas.
  8780 | D:8      | Noticed Prince Ribbit
  8785 | D:8      | Killed Prince Ribbit
  8786 | D:8      | Reached skill level 11 in Fighting
  9241 | D:8      | Found a shadowy altar of Dithmenos.
  9342 | D:8      | Reached * piety under Makhleb
  9546 | D:8      | Noticed Pikel
  9561 | D:8      | Killed Pikel
  9562 | D:8      | Reached skill level 12 in Fighting
  9844 | D:9      | Found a staircase to the Lair.
  9968 | D:9      | Noticed Amaemon
 10125 | D:9      | Found an iron altar of Okawaru.
 10313 | D:9      | Reached skill level 13 in Fighting
 10383 | D:9      | Reached XP level 11. HP: 82/92 MP: 0/0
 10383 | D:9      | Learned a level 4 spell: Petrify
 10613 | D:9      | Found a staircase to the Orcish Mines.
 10752 | D:9      | Killed Amaemon
 11293 | D:9      | Reached skill level 14 in Fighting
 11718 | D:10     | Entered Level 10 of the Dungeon
 11950 | D:10     | Reached ** piety under Makhleb
 12204 | D:10     | Found an opulent altar of Gozag.
 12622 | D:10     | Found a sacrificial altar of Ru.
 13354 | D:10     | Found a hazy altar of Hepliaklqana.
 13542 | D:10     | Reached skill level 15 in Fighting
 14073 | D:11     | Noticed a manticore
 14087 | D:11     | Killed a manticore
 14093 | D:11     | Identified the +6 scale mail of Leem {+Inv rC+}
 14378 | D:11     | Noticed a two-headed ogre
 14379 | D:11     | Reached XP level 12. HP: 86/103 MP: 0/0
 14739 | D:11     | Found a runed translucent door.
 14739 | D:11     | Found a runed translucent door.
 14754 | D:11     | Reached skill level 16 in Fighting
 14895 | D:11     | Noticed a fire dragon
 15678 | D:12     | Noticed a boulder beetle
 16531 | Lair:1   | Entered Level 1 of the Lair of Beasts
 16767 | Lair:1   | Reached *** piety under Makhleb
 16842 | Lair:1   | Reached skill level 17 in Fighting
 16962 | Lair:1   | Reached skill level 1 in Evocations
 17189 | Lair:1   | You are sucked into a shaft and drop 1 floor!
 17189 | Lair:2   | Noticed Maggie
 18395 | Lair:2   | Reached skill level 5 in Evocations
 18845 | Lair:2   | Noticed a four-headed hydra
 18866 | Lair:2   | Killed a four-headed hydra
 18899 | Lair:2   | Killed Maggie
 19257 | Lair:2   | Reached XP level 13. HP: 86/112 MP: 0/0
 19257 | Lair:2   | Learned a level 5 spell: Yara's Violent Unravelling
 19765 | Lair:3   | Found a staircase to the Snake Pit.
 19791 | Lair:3   | Reached **** piety under Makhleb
 20023 | Lair:3   | Found a staircase to the Swamp.
 20225 | Lair:3   | Noticed a seven-headed hydra
 20242 | Lair:3   | HP: 5/112 [komodo dragon (3)]
 20242 | Lair:3   | Noticed Sonja
 20556 | Lair:3   | Found a blossoming altar of Fedhas.
 20790 | Lair:3   | Reached skill level 10 in Evocations
 21304 | Lair:3   | Killed a seven-headed hydra
 21341 | Lair:3   | Noticed an eight-headed hydra
 21460 | Lair:3   | Killed an eight-headed hydra
 21762 | Lair:3   | Noticed Urug
 21781 | Lair:3   | Killed Urug
 22273 | Lair:3   | Killed Sonja
 22673 | Lair:4   | Found a staircase to the Slime Pits.
 22673 | Lair:4   | Found a viscous altar of Jiyva.
 22677 | Lair:4   | Noticed a boulder beetle
 23040 | Lair:3   | Reached skill level 5 in Dodging
 23683 | Lair:4   | Killed a boulder beetle
 24136 | Lair:4   | Noticed a four-headed hydra
 24817 | Lair:5   | Entered Level 5 of the Lair of Beasts
 24882 | Lair:4   | Reached XP level 14. HP: 112/119 MP: 0/0
 25993 | Lair:5   | Reached ***** piety under Makhleb
 28764 | D:12     | Reached skill level 10 in Dodging
 29886 | D:14     | Found a gate to the Vaults.
 29942 | D:14     | Noticed an orc warlord
 30199 | D:14     | Noticed Snorg
 33065 | D:13     | Killed Snorg
 33760 | D:14     | Collided with a rock wall

Illustrated notes

Levels and vault maps discovered:
D:1:      minmay_arrival_shoal_huts, layout_basic, basic_ecumenical_altar,
          minmay_misc_feat_pillars
D:2:      layout_basic, uniq_jessica
D:3:      kennysheep_big_flooded_room, layout_rooms,
          nicolae_overflow_crystal_walls, st_stairs_5, uniq_sigmund,
          uniq_terence, uniq_grinder
D:4:      layout_basic, mainiacjoe_overflow_concentric_impassable
D:5:      layout_basic
D:6:      minmay_bubble_buster, layout_basic, mainiacjoe_overflow_alcove_2,
          general_overflow_altar, minmay_temple_entry_drinking_statues,
          uniq_crazy_yiuf_cottage
D:7:      layout_basic, nemelex_spade_bored_becter, serial_shops,
          nicolae_shop_bloodbath_and_beyond, nicolae_shop_overgrown_old_shop,
          nicolae_shop_stone, nicolae_inconvenience_store, uniq_joseph
D:8:      layout_basic, grunt_temple_overflow_order_and_chaos_2,
          kennysheep_mini, mainiacjoe_overflow_catch_the_wave,
          uniq_prince_ribbit1, uniq_pikel
D:9:      layout_stronghold, old_standard_altar, lair_entry_dummy, orc_0_dummy,
          nicolae_straight_to_the_point, uniq_amaemon
D:10:     layout_long_grid, mainiacjoe_overflow_boulevard,
          mainiacjoe_overflow_alcove_4, mainiacjoe_overflow_six_doors_small
D:11:     minmay_the_grid_triangle_9x9_recursive_2
          [minmay_the_grid_triangle_9x9_prize_center,
          minmay_the_grid_triangle_9x9_steps,
          minmay_the_grid_triangle_9x9_tough_junction,
          minmay_the_grid_triangle_9x9_pentomino_pain], layout_basic,
          kennysheep_path_1
D:12:     layout_basic
D:13:     layout_long_grid, minivault_16
D:14:     kennysheep_funnel, layout_basic, david_vaults_3, zin_angel,
          st_stairs_8, uniq_snorg
Temple:   hellmonk_temple_micro_hex
Lair:1:   layout_loops_ring, serial_bayou_shore_a
Lair:2:   layout_hall_layers, chequers_serial_rivers_marsh,
          small_statue_intersection, uniq_maggie
Lair:3:   layout_loops_ring, minmay_swamp_entry_swarm,
          guppyfry_snake_entry_island, hangedman_tree_tricks, uniq_urug,
          uniq_sonja
Lair:4:   layout_loops_ring, slime_entry_1, serial_bayou_lagoon_a,
          kilobyte_rumbling_trees, grunt_megastairs_1
Lair:5:   evilmike_catoblepas_cave, layout_cave_pods

Skill      XL: |  1  2  3  4  5  6  7  8  9 10 11 12 13 14 |
---------------+-------------------------------------------+-----
Spellcasting   | 3 4 5 6 8 |  8.2
Fighting       | 3 6 9 13 15 17 | 17.0
Shields        | 3 4 |  4.0
Evocations     | 7 11 | 11.0
Dodging        | 7 10 | 10.1
Stealth        | |  1.6

Action                   |  1- 3 |  4- 6 |  7- 9 | 10-12 | 13-15 || total
-------------------------+-------+-------+-------+-------+-------++-------
Melee: Staff             |       |       |       |     2 |     2 ||     4
 Cast: Foxfire           |    50 |    96 |   164 |   427 |   411 ||  1148
       Scorch            |       |    16 |    66 |   274 |   378 ||   734
       Call Canine Famil |       |       |       |    39 |    74 ||   113
       Static Discharge  |       |       |       |     2 |       ||     2
       Flame Wave        |       |       |       |     1 |    10 ||    11
Evoke: Wand              |       |       |       |     1 |       ||     1
  Use: Scroll            |       |       |    10 |    14 |    18 ||    42
       Potion            |       |       |       |     4 |    10 ||    14
Armor: Robe              |       |     2 |     7 |    66 |    87 ||   162
       Troll leather arm |       |       |       |       |    14 ||    14
Dodge: Dodged            |     2 |     3 |    13 |   104 |   309 ||   431
Block: Buckler           |       |       |    12 |   113 |   149 ||   274
